 Dungeon Crawl Stone Soup version 0.26.1-2-gb8aa6d0 (webtiles) character file.

Game seed: 12536646422064420915

21 Maxyboy444 the Conjurer (level 2, 0/15 HPs)
             Began as a Deep Elf Conjurer on May 27, 2021.
             Slain by a goblin
             ... wielding a cursed +0 dagger
              (1 damage)
             ... on level 2 of the Dungeon.
             The game lasted 00:06:29 (810 turns).

Maxyboy444 the Conjurer (Deep Elf Conjurer)          Turns: 810, Time: 00:06:30

Health: 0/15       AC:  2    Str:  4    XL:     2   Next: 65%
Magic:  14/17      EV: 13    Int: 22    God:
Gold:   83         SH:  0    Dex: 13    Spells: 6/7 levels left

rFire    . . .     SeeInvis .   (no weapon)
rCold    . . .     Faith    .   (no shield)
rNeg     . . .     Spirit   .   a - +0 robe
rPois    .         Reflect  .   (no helmet)
rElec    .         Harm     .   (no cloak)
rCorr    .         Rampage  .   (no gloves)
Will     .....                  (no boots)
Stlth    ++........             (no amulet)
HPRegen  0.05/turn              b - ring of magical power
MPRegen  0.15/turn              (no ring)

@: no status effects
A: no striking features
a: no special abilities


You were on level 2 of the Dungeon.
You visited 1 branch of the dungeon, and saw 2 of its levels.

You collected 83 gold pieces.

Inventory:

Hand Weapons
 e - a +3 whip
 g - a +1 dagger of venom
Armour
 a - a +0 robe (worn)
Jewellery
 b - a ring of magical power (left hand)
Scrolls
 f - a scroll of identify {unknown}
Potions
 c - a potion of cancellation {unknown}
 d - a potion of curing {unknown}


   Skills:
 + Level 2.4 Dodging
 + Level 2.7 Stealth
 + Level 3.2 Spellcasting
 + Level 5.1 Conjurations


You had 6 spell levels left.
You knew the following spells:

 Your Spells              Type           Power        Failure   Level
a - Magic Dart            Conj           100%         1%          1

Your spell library contained the following spells:

 Spells                   Type           Power        Failure   Level
 Searing Ray              Conj           52%          2%          2
 Dazzling Flash           Conj/Hex       28%          13%         3
 Fulminant Prism          Conj/Hex       7%           38%         4
 Iskenderun's Mystic Bla  Conj/Tloc      14%          38%         4


Dungeon Overview and Level Annotations

Branches:
Dungeon (2/15)

Altars:

Annotations:
D:2 Robin


Message History

You open the door. The goblin closely misses you.
There is an open door here.
A rat comes into view.
A jackal comes into view.
The goblin misses you.
A jackal comes into view.
A goblin comes into view. It is wielding a +0 club.
The jackal moves out of view.
The goblin barely misses you. The jackal barely misses you.
The jackal barks!
A goblin comes into view. It is wielding a +0 dagger.
The jackal barely misses you. The jackal misses you.
The jackal bites you but does no damage.
The rat barely misses you. The rat bites you.
* * * LOW HITPOINT WARNING * * *
The goblin hits you with a cursed +0 dagger.
You die...

##.###########<.#......
##.##8##8##8##..#......
..(g..†.gg...g.'#.# ###
##.##8##8##8##....#g..
##.###########.g..#.####
#8g8# #.#............
##g## #......hK##(###
##K## #....hrhg# [#
#8.8# #......@.# # ##.##
#......g.# ##.##
#.#'##'### #8.8#
##+#'##'### ##.##
#.....!...# #'#
#.........# #.#
#.........#
#.######.........##
#.g.ggg#..........#


You could see 3 jackals, a hobgoblin, 4 goblins, a kobold and a rat.

Vanquished Creatures
  An ooze (D:1)
  A dart slug (D:2)
  3 goblins
  2 hobgoblins (D:1)
  3 bats (D:1)
  A frilled lizard (D:1)
  2 kobolds (D:1)
  3 rats (D:1)
16 creatures vanquished.

Notes
Turn   | Place    | Note
-------+----------+-------------------------------------------
     0 | D:1      | Maxyboy444 the Deep Elf Conjurer began the quest for the
                  | Orb.
     0 | D:1      | Reached XP level 1. HP: 10/10 MP: 6/6
   357 | D:1      | Reached XP level 2. HP: 15/15 MP: 8/8
   580 | D:1      | Reached skill level 5 in Conjurations
   760 | D:2      | Noticed Robin
   810 | D:2      | Slain by a goblin

Illustrated notes

Levels and vault maps discovered:
D:1:      dpeg_arrival_fog, layout_rooms, minivault_27, serial_bayou_ford_a,
          minmay_misc_feat_doors, corexii_leaking_fountain
D:2:      layout_basic, serial_forest, infiniplex_forest_straight_3,
          infiniplex_forest_clump_medium, infiniplex_forest_straight_3,
          infiniplex_forest_corner_2, minmay_misc_feat_tiny, dk_noncrumbling_2,
          uniq_robin

Skill      XL: |  1  2 |
---------------+-------+-----
Conjurations   | 5 |  5.1
Dodging        | |  2.4
Stealth        | |  2.7
Spellcasting   | |  3.2

Action                   || total
-------------------------++-------
Melee: Unarmed           ||     4
 Cast: Magic Dart        ||    31
  Use: Scroll            ||     1
Armor: Robe              ||     5
Dodge: Dodged            ||    20
